 Dungeon Crawl Stone Soup version 0.27-a0-909-g0721f309d1 (webtiles) character file.

Game seed: 7467354951074883137

2585 robertstho the Magician (level 9, -1/66 HPs)
             Began as a Gnoll Fire Elementalist on Apr 8, 2021.
             Was an Initiate of Sif Muna.
             Slain by an orc warrior
             ... wielding a +0 mace
              (8 damage)
             ... on level 7 of the Dungeon.
             The game lasted 00:13:27 (8880 turns).

robertstho the Magician (Gnoll Fire Elementalist)   Turns: 8880, Time: 00:13:27

Health: -1/66      AC:  4    Str:  8    XL:     9   Next: 58%
Magic:  13/19      EV: 13    Int: 18    God:    Sif Muna [......]
Gold:   340        SH:  0    Dex: 12    Spells: 8/21 levels left

rFire    . . .     SeeInvis .   u - +2 falchion (elec)
rCold    + . .     Faith    .   (no shield)
rNeg     . . .     Spirit   .   p - +0 troll leather armour
rPois    .         Reflect  .   (no helmet)
rElec    .         Harm     .   (no cloak)
rCorr    +         Rampage  .   (no gloves)
Will     .....                  (no boots)
Stlth    +++.......             n - amulet of the acrobat
HPRegen  1.21/turn              C - ring of protection from cold
MPRegen  0.16/turn              y - ring of resist corrosion

@: no status effects
A: fangs 1, strong nose, distributed training
a: Renounce Religion


You were on level 7 of the Dungeon.
You worshipped Sif Muna.
Sif Muna was noncommittal.
You visited 1 branch of the dungeon, and saw 7 of its levels.

You collected 340 gold pieces.

Inventory:

Hand Weapons
 c - a +0 dagger
 h - a +0 dagger of draining
 i - a +0 whip of electrocution
 l - a +1 short sword of speed
 u - a +2 falchion of electrocution (weapon)
Missiles
 d - 299 stones
 x - a throwing net
Armour
 a - a +0 robe
 p - a +0 troll leather armour (worn)
Jewellery
 n - an amulet of the acrobat (around neck)
 y - a ring of resist corrosion (right hand)
 A - a ring of positive energy
 C - a ring of protection from cold (left hand)
Wands
 B - a wand of iceblast (5)
 E - a wand of charming (10)
 F - a wand of mindburst (17)
Scrolls
 b - a scroll of immolation {unknown}
 f - a scroll of magic mapping {unknown}
 k - a scroll of summoning {unknown}
 m - 2 scrolls of blinking {unknown}
 r - a scroll of holy word {unknown}
 t - 2 scrolls of vulnerability {unknown}
 z - a scroll of identify
 D - a scroll of enchant weapon {unknown}
 G - a scroll of fog
 H - a scroll of enchant armour {unknown}
Potions
 e - 8 potions of curing
 g - a potion of haste {unknown}
 j - 2 potions of heal wounds {unknown}
 o - a potion of invisibility {unknown}
 q - 2 potions of mutation {unknown}
 s - a potion of attraction {unknown}
 v - 2 potions of brilliance {unknown}
 w - a potion of flight {unknown}
 I - a potion of lignification {unknown}


   Skills:
 + Level 4.4 Fighting
 + Level 4.4 Short Blades
 + Level 4.4 Long Blades
 + Level 4.4 Axes
 + Level 4.4 Maces & Flails
 + Level 4.4 Polearms
 + Level 4.4 Staves
 + Level 4.4 Slings
 + Level 4.4 Bows
 + Level 4.4 Crossbows
 + Level 4.4 Throwing
 + Level 4.4 Armour
 + Level 6.4 Dodging
 + Level 6.1 Stealth
 + Level 4.4 Shields
 + Level 4.4 Unarmed Combat
 + Level 6.7 Spellcasting
 + Level 4.2 Conjurations
 + Level 3.6 Hexes
 + Level 3.6 Summonings
 + Level 3.6 Necromancy
 + Level 3.6 Translocations
 + Level 3.6 Transmutations
 + Level 6.6 Fire Magic
 + Level 3.6 Ice Magic
 + Level 3.6 Air Magic
 + Level 3.6 Earth Magic
 + Level 3.6 Poison Magic
 + Level 4.8 Invocations
 + Level 4.4 Evocations


You had 8 spell levels left.
You knew the following spells:

 Your Spells              Type           Power      Damage    Failure   Level
a - Foxfire               Conj/Fire      100%       2x1d9     1%          1
b - Conjure Flame         Conj/Fire      25%        6-21      4%          3
c - Sticky Flame          Conj/Fire      25%        2d5       16%         4
d - Fireball              Conj/Fire      12%        3d7       41%         5

Your spell library contained the following spells:

 Spells                   Type           Power      Damage    Failure   Level
 Freeze                   Ice            76%        1d9       3%          1
 Inner Flame              Hex/Fire       24%        N/A       5%          3
 Frozen Ramparts          Ice            38%        1d5       11%         3
 Ozocubu's Armour         Ice            19%        N/A       11%         3
 Hailstorm                Conj/Ice       20%        3d6       30%         4
 Summon Ice Beast         Ice/Summ       19%        N/A       34%         4


Dungeon Overview and Level Annotations

Branches:
Dungeon (7/15)
 Temple: D:4-7

Altars:
Ashenzari
Okawaru
Qazlal
Ru
Sif Muna
Trog
Uskayaw
Xom

Shops:
D:1 [

Annotations:
D:5 Duvessa


Innate Abilities, Weirdness & Mutations

You have very sharp teeth.
Your uncanny sense of smell can sniff out nearby items.
Your experience applies equally to all skills.


Message History

The orc warrior is heavily wounded.
The foxfire hits the orc warrior but does no damage.
The orc warrior is heavily wounded.
The foxfire hits the orc warrior but does no damage.
The orc warrior is heavily wounded.
The orc priest completely misses you.
You riposte.
You closely miss the orc priest.
The orc priest is lightly wounded.
The orc warrior completely misses you.
You riposte.
You hit the orc warrior but do no damage.
Lightning courses through the orc warrior!
The orc warrior is severely wounded.
Casting: Foxfire (safe; 1% risk of failure)
Confirm with . or Enter, or press ? or * to list all spells.
You conjure some foxfire!
The orc priest invokes the aid of Beogh against you.
Beogh smites you!
The orc warrior hits you with a +0 mace!
The foxfire hits the orc warrior but does no damage.
The orc warrior is severely wounded.
The foxfire hits the orc warrior but does no damage.
The orc warrior is severely wounded.
The orc priest closely misses you. The orc warrior completely misses you.
Unknown command.
Casting: Foxfire (safe; 1% risk of failure)
Confirm with . or Enter, or press ? or * to list all spells.
You conjure some foxfire!
The orc priest mumbles some strange prayers to Beogh against you.
Beogh smites you!
The orc warrior hits you with a +0 mace!!
* * * LOW HITPOINT WARNING * * *
Casting: Foxfire (safe; 1% risk of failure)
Confirm with . or Enter, or press ? or * to list all spells.
You conjure some foxfire!
The foxfire hits the orc warrior but does no damage.
The orc warrior is severely wounded.
The orc priest calls upon Beogh to heal the orc warrior.
The orc warrior is healed somewhat.
The orc warrior hits you with a +0 mace!
You die...

#.<......'.........
#.....##.#........(
#........##.......#
#.##########.....##
#.# ##...## #.#
##'## #####.## #.#
#....vv# ##### #.#
#.###v@###...# #.#
#.oo.....# ###
##.###...# 8 ## #.#
##.## 8.. 8. #.#
#.#####... ..
#.oo...# #....#_...
.. ########
#######... .. 8..
8. 8 ##


You could see an orc warrior (ally target) and an orc priest.

Vanquished Creatures
  Grinder (D:5)
  Eustachio (D:5)
  A water moccasin (D:6)
  A sky beast (D:6)
  4 ice beasts
  A necrophage (D:5)
  A black bear (D:7)
  An ogre (D:5)
  A centaur (D:5)
  2 bullfrogs
  A kobold brigand (D:7)
  Blork the orc (D:5)
  A scorpion (D:7)
  Dowan (D:5)
  5 wights
  A howler monkey (D:7)
  A bullfrog zombie (D:6)
  2 hounds (D:6)
  A jelly (D:7)
  A gnoll shaman (D:5)
  A centaur zombie (D:6)
  2 iguanas (D:5)
  7 orc wizards
  A killer bee zombie (D:7)
  11 gnolls
  A howler monkey skeleton (D:6)
  5 adders
  A shadow imp (D:7)
  3 ufetubi
  An adder skeleton (D:4)
  An adder zombie (D:5)
  A worm (D:2)
  3 dart slugs
  18 orcs
  8 endoplasms
  3 giant cockroaches
  5 goblins
  9 hobgoblins
  4 jackals (D:1)
  13 kobolds
  6 quokkas
  6 ball pythons
  6 bats
  2 frilled lizards
  5 rats
152 creatures vanquished.

Vanquished Creatures (others)
  661 foxfires
  9 fungi (D:7)
  6 toadstools (D:7)
676 creatures vanquished.

Grand Total: 828 creatures vanquished

Notes
Turn   | Place    | Note
-------+----------+-------------------------------------------
     0 | D:1      | robertstho the Gnoll Fire Elementalist began the quest for
                  | the Orb.
     0 | D:1      | Reached XP level 1. HP: 13/13 MP: 6/6
   161 | D:1      | Reached XP level 2. HP: 2/19 MP: 0/7
   564 | D:1      | Found Yqoorau's Armour Emporium.
  1043 | D:1      | Reached XP level 3. HP: 25/25 MP: 6/9
  1122 | D:1      | Reached skill level 5 in Spellcasting
  1148 | D:1      | Found a faded altar of an unknown god.
  1756 | D:2      | Reached skill level 1 in Invocations
  1914 | D:2      | Reached skill level 1 in Fighting
  1914 | D:2      | Reached skill level 1 in Short Blades
  1914 | D:2      | Reached skill level 1 in Long Blades
  1914 | D:2      | Reached skill level 1 in Axes
  1914 | D:2      | Reached skill level 1 in Maces & Flails
  1914 | D:2      | Reached skill level 1 in Polearms
  1914 | D:2      | Reached skill level 1 in Staves
  1914 | D:2      | Reached skill level 1 in Slings
  1914 | D:2      | Reached skill level 1 in Bows
  1914 | D:2      | Reached skill level 1 in Crossbows
  1914 | D:2      | Reached skill level 1 in Throwing
  1914 | D:2      | Reached skill level 1 in Armour
  1914 | D:2      | Reached skill level 1 in Shields
  1914 | D:2      | Reached skill level 1 in Unarmed Combat
  1914 | D:2      | Reached skill level 1 in Evocations
  2209 | D:2      | Reached XP level 4. HP: 32/32 MP: 7/11
  2228 | D:2      | Learned a level 3 spell: Conjure Flame
  2233 | D:2      | Learned a level 4 spell: Sticky Flame
  2709 | D:3      | Found a hide-covered altar of Uskayaw.
  2820 | D:3      | Found a bloodstained altar of Trog.
  3107 | D:3      | Reached skill level 1 in Hexes
  3107 | D:3      | Reached skill level 1 in Summonings
  3107 | D:3      | Reached skill level 1 in Necromancy
  3107 | D:3      | Reached skill level 1 in Translocations
  3107 | D:3      | Reached skill level 1 in Transmutations
  3107 | D:3      | Reached skill level 1 in Ice Magic
  3107 | D:3      | Reached skill level 1 in Air Magic
  3107 | D:3      | Reached skill level 1 in Earth Magic
  3107 | D:3      | Reached skill level 1 in Poison Magic
  3696 | D:4      | Reached XP level 5. HP: 37/37 MP: 8/12
  3906 | D:4      | Identified the +0 ring mail "Cegin" {-Cast Dex+5}
  4007 | D:4      | Reached XP level 6. HP: 21/44 MP: 7/13
  4207 | D:4      | Reached skill level 5 in Dodging
  4652 | D:5      | Entered Level 5 of the Dungeon
  4698 | D:5      | Noticed an ice beast
  4706 | D:5      | Learned a level 5 spell: Fireball
  4720 | D:5      | Killed an ice beast
  4721 | D:5      | Reached XP level 7. HP: 50/50 MP: 9/15
  5024 | D:5      | Noticed Eustachio
  5034 | D:5      | Killed Eustachio
  5203 | D:5      | Found a broken altar of Ashenzari.
  5207 | D:5      | Reached skill level 5 in Stealth
  5327 | D:5      | Reached XP level 8. HP: 57/57 MP: 13/16
  5443 | D:5      | Noticed Dowan
  5450 | D:5      | Noticed Duvessa
  5458 | D:5      | Killed Dowan
  5597 | D:5      | Found a stormy altar of Qazlal.
  5737 | D:5      | Noticed Blork the orc
  5745 | D:5      | Killed Blork the orc
  5886 | D:5      | Noticed Grinder
  5908 | D:5      | Paralysed by Grinder for 4 turns
  5915 | D:5      | Paralysed by Grinder for 3 turns
  5919 | D:5      | Killed Grinder
  6505 | D:6      | Reached XP level 9. HP: 48/65 MP: 11/18
  7570 | D:7      | Found an iron altar of Okawaru.
  7727 | D:7      | Found a shimmering blue altar of Sif Muna.
  7735 | D:7      | Became a worshipper of Sif Muna the Loreminder
  8199 | D:7      | Found a sacrificial altar of Ru.
  8545 | D:7      | Identified the amulet "Hac Oner" {Spirit Stlth+}
  8850 | D:7      | Found a shimmering altar of Xom.
  8880 | D:7      | Slain by an orc warrior

Illustrated notes

Levels and vault maps discovered:
D:1:      ncdulo_wetmaze, layout_basic, basic_ecumenical_altar, serial_shops,
          shop, minmay_quantized
D:2:      layout_basic, minmay_close_crescents
D:3:      layout_rooms, nicolae_uskayaw_murder_on_the_dancefloor,
          trog_butcher_becter
D:4:      layout_basic, minmay_statues_item
D:5:      layout_loops_corners, cheibrodos_ashenzari_chains,
          nicolae_qazlal_eye_of_the_storm, minmay_crystal_water, uniq_eustachio,
          uniq_blork_the_orc, uniq_grinder, uniq_duvessa
D:6:      layout_basic
D:7:      cheibrodos_fertilizer, layout_loops_corners,
          nicolae_overflow_hidden_temple, lemuel_coloured_pillars_altar,
          tgw_sif, lemuel_crystal_altar, minmay_temple_entry_fiery

Skill      XL: |  1  2  3  4  5  6  7  8  9 |
---------------+----------------------------+-----
Conjurations   | 2 3 4 |  4.2
Spellcasting   | 5 6 |  6.7
Invocations    | 1 2 3 4 |  4.8
Fighting       | 1 2 3 4 |  4.4
Short Blades   | 1 2 3 4 |  4.4
Long Blades    | 1 2 3 4 |  4.4
Axes           | 1 2 3 4 |  4.4
Maces & Flails | 1 2 3 4 |  4.4
Polearms       | 1 2 3 4 |  4.4
Staves         | 1 2 3 4 |  4.4
Slings         | 1 2 3 4 |  4.4
Bows           | 1 2 3 4 |  4.4
Crossbows      | 1 2 3 4 |  4.4
Throwing       | 1 2 3 4 |  4.4
Armour         | 1 2 3 4 |  4.4
Shields        | 1 2 3 4 |  4.4
Unarmed Combat | 1 2 3 4 |  4.4
Evocations     | 1 2 3 4 |  4.4
Hexes          | 1 2 3 |  3.6
Summonings     | 1 2 3 |  3.6
Necromancy     | 1 2 3 |  3.6
Translocations | 1 2 3 |  3.6
Transmutations | 1 2 3 |  3.6
Ice Magic      | 1 2 3 |  3.6
Air Magic      | 1 2 3 |  3.6
Earth Magic    | 1 2 3 |  3.6
Poison Magic   | 1 2 3 |  3.6
Dodging        | 5 6 |  6.4
Stealth        | 5 6 |  6.1
Fire Magic     | 6 |  6.6

Action                   |  1- 3 |  4- 6 |  7- 9 || total
-------------------------+-------+-------+-------++-------
Melee: Unarmed           |     9 |       |       ||     9
       Bite              |     1 |     1 |     2 ||     4
       Dagger            |     4 |       |       ||     4
       Whip              |       |    10 |       ||    10
       Falchion          |       |     5 |    46 ||    51
 Cast: Foxfire           |    75 |   109 |   216 ||   400
  Use: Scroll            |       |     3 |     1 ||     4
       Potion            |       |     1 |       ||     1
 Stab: Sleeping          |       |     1 |       ||     1
Armor: Robe              |    10 |       |       ||    10
       Troll leather arm |       |     5 |    37 ||    42
Dodge: Dodged            |    42 |    63 |   196 ||   301
       Rpst.: Falchion   |       |     2 |    52 ||    54

Table legend: (Time is in decaauts)
 A = Elapsed time spent in this place.
 B = Non-inter-level travel time spent in this place.
 C = Inter-level travel time spent in this place.
 D = Time resting spent in this place.
 E = Time spent auto-exploring this place.
 F = Levels seen in this place.
 G = Mean time per level.
                   A        B        C        D        E       F      G
               +--------+--------+--------+--------+--------+-----+--------+
         Total |   8893 |   8607 |    286 |    364 |   6705 |   7 | 1270.4 |
       Dungeon |   8893 |   8607 |    286 |    364 |   6705 |   7 | 1270.4 |
               +--------+--------+--------+--------+--------+-----+--------+

Top non-repeatable levels by time:
     D:5: 1559 daAuts
     D:1: 1547 daAuts
     D:6: 1355 daAuts
     D:7: 1319 daAuts
     D:4: 1119 daAuts
     D:2: 1108 daAuts
     D:3: 883 daAuts
